 Dungeon Crawl Stone Soup version 0.20-a0-850-ge5a7832 (webtiles) character file.

3878 polly the Carver (level 10, 0/114 HPs)
             Began as a Demonspawn Gladiator on Mar 11, 2017.
             Was a Priest of Okawaru.
             Succumbed to an orc wizard's poison
             ... on level 8 of the Dungeon.
             The game lasted 00:15:54 (9311 turns).

polly the Carver (Demonspawn Gladiator)             Turns: 9311, Time: 00:15:55

Health: 0/114      AC: 21    Str: 22    XL:     10   Next: 0%
Magic:  10/10      EV: 17    Int:  9    God:    Okawaru [***...]
Gold:   558        SH:  0    Dex: 16    Spells: 9/9 levels left

rFire    + . .     SeeInvis .   a - +0 long sword
rCold    . . .     Gourm    .   D - +0 chain mail
rNeg     . . .     Faith    .   (no shield)
rPois    .         Spirit   .   (helmet restricted)
rElec    .         Reflect  .   p - +1 cloak
rCorr    .         Harm     .   z - +2 pair of gloves
MR       +....                  b - +0 pair of boots
Stlth    ..........             (no amulet)
Regen    0.3/turn               A - +6 ring of evasion
MPRegen  0.2/turn               h - +2 ring of protection

@: berserking (expiring), lethally poisoned (0 -> -40), very quick
A: horns 2, icy blue scales 2, blurry vision 1, demonic guardian 1, fire
resistance 1, magic resistance 1
a: Heroism, Renounce Religion


You were on level 8 of the Dungeon.
You worshipped Okawaru.
Okawaru was most pleased with you.
You were hungry.

You visited 2 branches of the dungeon, and saw 9 of its levels.

You collected 558 gold pieces.

Inventory:

Hand Weapons
 a - a +0 long sword (weapon)
Missiles
 d - 3 throwing nets (quivered)
Armour
 b - a +0 pair of boots (worn)
 p - a +1 cloak (worn)
 z - a +2 pair of gloves (worn)
 D - a +0 chain mail (worn)
Jewellery
 h - a +2 ring of protection (left hand)
 A - a +6 ring of evasion (right hand)
Wands
 y - a wand of paralysis (6/24)
Scrolls
 c - a scroll of recharging
 e - a scroll of blinking
 g - 11 scrolls of teleportation
 k - a scroll of enchant weapon
 l - a scroll of magic mapping
 x - a scroll of amnesia {unknown}
Potions
 n - a potion of cancellation
 v - a potion of lignification {unknown}
 w - a potion of brilliance {unknown}
 F - a potion of degeneration {unknown}
Books
 s - a book of Changes

   Spells                             Type                      Level
   a - Beastly Appendage              Transmutation                1
   b - Sticks to Snakes               Transmutation                2
   c - Spider Form                    Transmutation/Poison         3
   d - Ice Form                       Ice/Transmutation            4
   e - Blade Hands                    Transmutation                5
 B - a Young Poisoner's Handbook

   Spells                             Type                      Level
   a - Sting                          Conjuration/Poison           1
   b - Poisonous Vapours              Poison/Air                   2
   c - Mephitic Cloud                 Conjuration/Poison/Air       3
   d - Olgreb's Toxic Radiance        Poison                       4
   e - Venom Bolt                     Conjuration/Poison           5
 C - a book of Callings

   Spells                             Type                      Level
   a - Summon Small Mammal            Summoning                    1
   b - Call Imp                       Summoning                    2
   c - Call Canine Familiar           Summoning                    3
   d - Summon Guardian Golem          Hexes/Summoning              3
   e - Summon Lightning Spire         Summoning/Air                4
   f - Summon Ice Beast               Ice/Summoning                4
Comestibles
 f - 6 bread rations
 i - 2 chunks of flesh
 o - 3 royal jellies
 q - 6 meat rations


   Skills:
 + Level 6.2 Fighting
 + Level 9.3 Long Blades
 + Level 1.9 Throwing
 + Level 4.8 Armour
 + Level 5.7 Dodging
 + Level 3.4 Stealth
 + Level 1.1 Evocations


You had 9 spell levels left.
You didn't know any spells.

Dungeon Overview and Level Annotations

Branches:
Dungeon (8/15)             Temple (1/1) D:5
   Lair: D:8-11

Altars:
Ashenzari
Cheibriados
Dithmenos
Elyvilon
Gozag
Hepliaklqana
Kikubaaqudgha
Makhleb
Nemelex Xobeh
Okawaru
Qazlal
Ru
Sif Muna
Trog
Uskayaw
Vehumet
Wu Jian
Xom
Yredelemnul
Zin
The Shining One

Shops:
D:5 *

Annotations:
D:4 sargx's ghost, novice DsGl


Innate Abilities, Weirdness & Mutations

You have a pair of horns on your head.
You are mostly covered in icy blue scales. (AC +3)
A weak demonic guardian rushes to your aid.
Your flesh is heat resistant. (rF+)
Scrolls take you a little longer to read.
You are resistant to hostile enchantments. (MR+)


Message History

Okawaru accepts your kill.
* * * LOW HITPOINT WARNING * * *
You feel very sick.
Your quasit closely misses something.
Your quasit barely misses something. x2
You slash something! Okawaru accepts your kill.
Reactivating autopickup.
You have reached level 10!
Your demonic ancestry asserts itself...
Icy blue scales spread over more of your body.
You feel a bit more experienced.
* * * LOW HITPOINT WARNING * * *
You feel sick.
You are too berserk!
* * * LOW HITPOINT WARNING * * *
You feel very sick.
There is an open door, spattered with blood here.
You see here a hippogriff corpse.
You feel a strong urge to attack something.
You die...

.............$...
........%........
.................
$................
.................
........).............#
........5)............#
.......#†###..........#
.......#@..#####......#
.......#....#..#......#
.......#....#..#......#
.......#....#..#......#
.......#...##..#......#
.......#...###'#......#
#.......'......#
#.......#......+
#...##..#......#


You could see a friendly quasit.

Vanquished Creatures
  Pikel (D:6)
  The ghost of handsome the Sneak, a novice OpMo (D:5)
  3 hippogriffs
  Edmund (D:4)
  Duvessa (D:6)
  A phantom (D:5)
  An ice beast (D:6)
  2 slaves (D:6)
  4 ogres
  3 bullfrogs
  A wyvern zombie (D:4)
  A gnoll sergeant (D:6)
  Dowan (D:6)
  4 scorpions
  3 killer bees (D:7)
  4 wights (D:7)
  2 crimson imps
  A bullfrog zombie (D:7)
  5 orc priests
  2 hounds
  A jelly (D:7)
  5 iguanas
  3 orc wizards
  5 worker ants
  A worker ant zombie (D:5)
  5 gnolls (D:6)
  11 adders
  An ooze (D:1)
  An adder skeleton (D:4)
  2 worms
  A dart slug (D:2)
  6 leopard geckos
  20 orcs
  6 ball pythons
  7 bats
  2 giant cockroaches
  6 hobgoblins
  8 jackals
  9 kobolds
  A quokka (D:3)
  5 frilled lizards
  A giant cockroach zombie (D:5)
  6 goblins
  9 rats
164 creatures vanquished.

Vanquished Creatures (collateral kills)
  A sky beast (D:5)
  An ice beast (D:7)
  A slave (D:6)
  A bullfrog (D:6)
  An orc (D:6)
  A giant cockroach (D:6)
6 creatures vanquished.

Vanquished Creatures (others)
  An ice beast (D:7)
1 creature vanquished.

Grand Total: 171 creatures vanquished

Notes
Turn   | Place    | Note
-------+----------+-------------------------------------------
     0 | D:1      | polly the Demonspawn Gladiator began the quest for the Orb.
     0 | D:1      | Reached XP level 1. HP: 16/16 MP: 1/1
   163 | D:1      | Gained mutation: You have a pair of small horns on your head. [demonic ancestry]
   163 | D:1      | Reached XP level 2. HP: 14/22 MP: 2/2
   362 | D:1      | Reached skill level 3 in Long Blades
   558 | D:1      | Gained mutation: Your flesh is heat resistant. (rF+) [demonic ancestry]
   558 | D:1      | Reached XP level 3. HP: 20/27 MP: 3/3
  1446 | D:2      | Reached XP level 4. HP: 34/34 MP: 4/4
  2160 | D:3      | Reached skill level 4 in Long Blades
  2191 | D:3      | Reached skill level 1 in Armour
  2387 | D:3      | Reached XP level 5. HP: 36/39 MP: 5/5
  2731 | D:4      | Noticed an ogre
  2742 | D:4      | Killed an ogre
  2842 | D:4      | Reached skill level 1 in Stealth
  2842 | D:4      | Gained mutation: You have a pair of horns on your head. [demonic ancestry]
  2842 | D:4      | Reached XP level 6. HP: 40/47 MP: 6/6
  2900 | D:4      | Noticed Edmund
  2937 | D:4      | Killed Edmund
  3258 | D:4      | Found a radiant altar of Vehumet.
  3258 | D:4      | Found a shimmering altar of Xom.
  3410 | D:4      | Found a deep blue altar of Sif Muna.
  3562 | D:4      | Noticed sargx's ghost (novice DsGl)
  3870 | D:4      | Gained mutation: You are partially covered in icy blue scales. (AC +2) [demonic ancestry]
  3870 | D:4      | Reached XP level 7. HP: 53/53 MP: 7/7
  4062 | D:5      | Entered Level 5 of the Dungeon
  4130 | D:5      | Found a staircase to the Ecumenical Temple.
  4163 | D:5      | Reached skill level 5 in Long Blades
  4178 | Temple   | Entered the Ecumenical Temple
  4402 | Temple   | Became a worshipper of Warmaster Okawaru
  4640 | D:5      | Noticed handsome's ghost (novice OpMo)
  5403 | D:5      | Found Kumam's General Store.
  5439 | D:5      | Found a bloodstained altar of Trog.
  5440 | D:5      | Found a shattered altar of Ashenzari.
  5990 | D:6      | Gained mutation: A weak demonic guardian rushes to your aid. [demonic ancestry]
  5990 | D:6      | Reached XP level 8. HP: 33/61 MP: 8/8
  6221 | D:6      | Reached skill level 6 in Long Blades
  6254 | D:6      | Reached * piety under Okawaru
  6806 | D:6      | Noticed Pikel
  6815 | D:6      | Noticed Dowan
  6816 | D:6      | Noticed Duvessa
  6838 | D:6      | Killed Pikel
  6838 | D:6      | Reached ** piety under Okawaru
  6838 | D:6      | Reached skill level 5 in Fighting
  6838 | D:6      | Reached skill level 7 in Long Blades
  6838 | D:6      | Reached skill level 5 in Dodging
  6850 | D:6      | Killed Duvessa
  7126 | D:6      | Killed Dowan
  7126 | D:6      | Reached XP level 9. HP: 67/68 MP: 9/9
  7151 | D:6      | Found a stormy altar of Qazlal.
  7893 | D:7      | Found a sparkling altar of Nemelex Xobeh.
  7922 | D:7      | Reached skill level 1 in Evocations
  8432 | D:7      | Reached skill level 8 in Long Blades
  9002 | D:5      | Killed handsome's ghost
  9002 | D:5      | Reached *** piety under Okawaru
  9269 | D:8      | Reached skill level 9 in Long Blades
  9299 | D:8      | Gained mutation: Scrolls take you a little longer to read. [potion of mutation]
  9299 | D:8      | Gained mutation: You are resistant to hostile enchantments. (MR+) [potion of mutation]
  9309 | D:8      | Gained mutation: You are mostly covered in icy blue scales. (AC +3) [demonic ancestry]
  9309 | D:8      | Reached XP level 10. HP: 7/76 MP: 10/10
  9310 | D:8      | HP: 3/114 [poisoned by an orc wizard]
  9311 | D:8      | Succumbed to an orc wizard's poison

Vault maps used:
D:1:      dpeg_arrival_brainrot, minmay_misc_feat_diagonals
D:4:      gammafunk_temple_overflow_statue, led_sif_pool, uniq_edmund
D:5:      grunt_temple_overflow_open, minmay_temple_entry_water_ring,
          first_bread, serial_shops, shop_coins, interstate_on_off,
          minmay_misc_feat_hallway
D:6:      grunt_qazlal_clouds, uniq_pikel, uniq_duvessa
D:7:      grunt_ogre_cave, nemelex_altar_shiori
D:8:      lemuel_crystal_altar
Temple:   regret_index_temple_waves

Skill      XL: |  1  2  3  4  5  6  7  8  9 |
---------------+----------------------------+-----
Dodging        | 3 4 5 |  5.7
Long Blades    | 3 4 5 7 9 |  9.3
Armour         | 1 2 3 4 |  4.8
Fighting       | 3 4 5 6 |  6.2
Stealth        | 1 3 |  3.4
Evocations     | 1 |  1.1
Throwing       | |  1.9

Action                   |  1- 3 |  4- 6 |  7- 9 | 10-12 || total
-------------------------+-------+-------+-------+-------++-------
Melee: Long sword        |    84 |   136 |   425 |       ||   645
       Headbutt          |    13 |    33 |   102 |       ||   148
Throw: Throwing net      |       |     3 |       |       ||     3
Evoke: Wand              |       |       |     4 |       ||     4
  Use: Potion            |       |     5 |     6 |       ||    11
       Scroll            |       |       |     9 |       ||     9
 Stab: Sleeping          |     3 |     1 |     1 |       ||     5
       Held in net/web   |       |     1 |       |       ||     1
       Paralysed         |       |       |     3 |       ||     3
       Distracted        |       |       |     1 |       ||     1
  Eat: Chunk             |     2 |     8 |    17 |       ||    27
Armor: Leather armour    |    18 |    16 |    73 |       ||   107
       Chain mail        |       |       |    82 |       ||    82
Dodge: Dodged            |    56 |   110 |   380 |       ||   546
       Rpst.: Long sword |    15 |    24 |    97 |       ||   136
